 Dungeon Crawl Stone Soup version 0.19.1 (webtiles) character file.

19 Kailar the Sneak (level 2, 0/13 HPs)
             Began as a Spriggan Enchanter on Nov 28, 2016.
             Succumbed to an adder's poison
             ... on level 2 of the Dungeon.
             The game lasted 00:14:57 (1314 turns).

Kailar the Sneak (Spriggan Enchanter)               Turns: 1314, Time: 00:14:58

Health: 0/13       AC:  3    Str:  4    XL:     2   Next: 55%
Magic:  6/6        EV: 24    Int: 16    God:
Gold:   21         SH:  0    Dex: 21    Spells: 2 memorised, 3 levels left

rFire  . . .     SeeInvis +     a - +2 dagger
rCold  . . .     Gourm    .     b - +1 robe
rNeg   . . .     Faith    .     (shield restricted)
rPois  .         Spirit   .     (helmet restricted)
rElec  .         Reflect  .     (no cloak)
rCorr  .         Harm     .     (gloves unavailable)
MR     .....                    (boots unavailable)
Stlth  ++++......               (no amulet)
                                (no ring)
                                (no ring)

@: agile, lethally poisoned (0 -> -7), very quick
A: unfitting armour, see invisible, herbivore 3, speed 3, slow metabolism 2
a: no special abilities


You were on level 2 of the Dungeon.
You were not hungry.

You visited 1 branch of the dungeon, and saw 2 of its levels.

You collected 21 gold pieces.

Inventory:

Hand Weapons
 a - a +2 dagger (weapon)
 e - a +0 short sword
 g - a +0 hunting sling
 j - a +0 club
 k - a +0 short sword
 l - a +0 whip
 o - a cursed -1 dagger
 q - a +0 shortbow
 t - a +2 dagger of freezing
Missiles
 f - 21 sling bullets
 h - 18 stones (quivered)
 n - 19 poisoned needles
 r - 17 bolts
Armour
 b - a +1 robe (worn)
 i - a +0 ring mail
Scrolls
 p - a scroll of enchant weapon
Books
 c - a book of Maledictions

   Spells                             Type                      Level
   a - Corona                         Hexes                        1
   b - Ensorcelled Hibernation        Hexes/Ice                    2
   c - Confuse                        Hexes                        3
   d - Tukima's Dance                 Hexes                        3
   e - Dazzling Spray                 Conjuration/Hexes            3
Comestibles
 d - a bread ration


   Skills:
 + Level 1.2 Short Blades
 + Level 3.0 Dodging
 + Level 5.0 Stealth
 + Level 2.9 Spellcasting
 + Level 4.1 Hexes


You had 3 spell levels left.
You knew the following spells:

 Your Spells              Type           Power        Failure   Level  Hunger
a - Corona                Hex            ###....      4%          1    #......
b - Ensorcelled Hibernat  Hex/Ice        #.....       14%         2    ##.....


Dungeon Overview and Level Annotations

Branches:
Dungeon (2/15)

Altars:


Innate Abilities, Weirdness & Mutations

You are very small and have problems with some larger weapons.
You are too small for most types of armour.
You have supernaturally acute eyesight. (SInv)
You are a herbivore.
You cover ground extremely quickly.
You need consume almost no food.


Message History

* * * LOW HITPOINT WARNING * * *
You are lethally poisoned!
The adder poisons you!
Found 10 bolts.
* * * LOW HITPOINT WARNING * * *
You feel sick. The bat closely misses you.
You see here a runed dagger.
t - a runed dagger The bat closely misses you.
The adder completely misses you.
* * * LOW HITPOINT WARNING * * *
You feel sick. The bat closely misses you.
Okay, then.
Okay, then.
It was a potion of agility.
You feel agile all of a sudden. The bat barely misses you.
You start eating the fruit.
The adder bites you but does no damage. The adder closely misses you.
Mmmm...
Yummy rambutan.
You die...

#....########....#
#.
#....)......#....#
#...........#.#..#
#...........#.#..#.
#...........#.#....
#...........#......
#####..............
#######.#####..
#########@#
(.......#.#
........#.#
........#S#
.........b+
........#.#
............
..!.....#.#.#
#########.#.#


You could see an adder and a bat.

Vanquished Creatures
  A dart slug (D:2)
  A leopard gecko (D:1)
  3 bats (D:1)
  3 hobgoblins (D:1)
  2 kobolds (D:1)
  A frilled lizard (D:1)
  2 goblins (D:1)
  3 rats
16 creatures vanquished.

Notes
Turn   | Place    | Note
-------+----------+-------------------------------------------
     0 | D:1      | Kailar the Spriggan Enchanter began the quest for the Orb.
     0 | D:1      | Reached XP level 1. HP: 9/9 MP: 5/5
   539 | D:1      | Reached XP level 2. HP: 3/13 MP: 6/6
   544 | D:1      | Learned a level 2 spell: Ensorcelled Hibernation
  1255 | D:2      | Reached skill level 5 in Stealth
  1314 | D:2      | Succumbed to an adder's poison

Skill      XL: |  1  2 |
---------------+-------+-----
Hexes          | 4 |  4.1
Stealth        | 5 |  5.0
Short Blades   | |  1.2
Dodging        | |  3.0
Spellcasting   | |  2.9

Action                   || total
-------------------------++-------
Melee: Dagger            ||    65
Throw: Stone             ||    11
 Cast: Ensorcelled Hiber ||     1
       Corona            ||     1
  Use: Scroll            ||     6
       Potion            ||     2
 Stab: Sleeping          ||     4
       Distracted        ||     1
  Eat: Fruit             ||     1
Armor: Robe              ||    11
Dodge: Dodged            ||    53
